 Dungeon Crawl Stone Soup version bcrawl-1.21.3-2-g9d8a61a446 (webtiles) character file.

Game seed: 18329449683907103613

14 Ashen the Sneak (level 2, 0/24 HPs)
             Began as a Naga Wizard on Apr 22, 2020.
             Slain by a goblin
             ... wielding a +0 dagger of distortion
              (1 damage)
             ... on level 1 of the Dungeon.
             The game lasted 00:02:59 (683 turns).

Ashen the Sneak (Naga Wizard)                        Turns: 683, Time: 00:02:59

Health: 0/24       AC:  2    Str:  9    XL:     2   Next: 41%
Magic:  4/6        EV: 10    Int: 18    God:
Gold:   71         SH:  0    Dex:  9    Spells: 6/7 levels left

rFire    . . .     SeeInvis +   a - +0 staff
rCold    . . .     Gourm    .   (no shield)
rNeg     . . .     Faith    .   b - +0 robe
rPois    +         Spirit   .   c - +1 hat
rElec    .         Reflect  .   (no cloak)
rCorr    .         Harm     .   (no gloves)
MR       .....                  (no barding)
Stlth    ++........             m - amulet of inaccuracy (curse)
HPRegen  0.08/turn              (no ring)
MPRegen  0.10/turn              (no ring)

@: very slow
A: large, see invisible, deformed body, poison resistance, slowness 2, slow
metabolism 1, spit poison 1, AC +0
a: Spit Poison


You were on level 1 of the Dungeon.
You were not hungry.

You visited 1 branch of the dungeon, and saw 1 of its levels.

You collected 71 gold pieces.

Inventory:

Hand Weapons
 a - a +0 staff (weapon)
Armour
 b - a +0 robe (worn)
 c - a +1 hat (worn)
Jewellery
 m - a cursed amulet of inaccuracy (around neck)
Scrolls
 d - a scroll of identify
 g - a scroll of immolation
Potions
 f - a potion of brilliance
 i - a potion of flight {unknown}
 k - a potion of resistance {unknown}
 l - a potion of curing {unknown}
Comestibles
 e - a ration {!d}
 h - 2 chunks of flesh


   Skills:
 + Level 0.6 Fighting
 + Level 1.7 Dodging
 + Level 3.6 Stealth
 + Level 3.1 Spellcasting
 + Level 1.3 Conjurations
   Level 1.0 Summonings
   Level 1.0 Translocations


You had 6 spell levels left.
You knew the following spells:

 Your Spells              Type           Power        Failure   Level  Hunger
a - Magic Dart            Conj           #...         10%         1    None

Your spell library contained the following spells:

 Spells                   Type           Power        Failure   Level  Hunger
 Blink                    Tloc           N/A          16%         2    ##.....
 Call Imp                 Summ           #.....       16%         2    ##.....
 Conjure Flame            Conj/Fire      #.......     36%         3    ###....
 Mephitic Cloud           Conj/Pois/Air  #.......     38%         3    ###....
 Spider Form              Tmut/Pois      #..          43%         3    ###....


Dungeon Overview and Level Annotations

Branches:
Dungeon (1/12)

Altars:


Innate Abilities, Weirdness & Mutations

You cannot wear boots.
Your serpentine skin is tough. (AC +0)
You have supernaturally acute eyesight. (SInv)
Armour fits poorly on your strangely shaped body.
Your system is resistant to poisons. (rPois)
You cover ground very slowly.
You have a slow metabolism.
You can spit poison.


Message History

Press: ? - help, Shift-Dir - straight line, f - rat, p - goblin
Aim: a rat (hasn't noticed you)
The magic dart hits the rat.
The rat is moderately wounded.
A rat comes into view.
You closely miss the goblin.
The goblin is moderately wounded.
The goblin hits you but does no damage. Space warps horribly around you!!
Ouch! That really hurt!
* * * LOW HITPOINT WARNING * * *
Casting: Magic Dart (safe; 10% risk of failure)
Confirm with . or Enter, or press ? or * to list all spells.
Aiming: Magic Dart (safe; 10% risk of failure)
Press: ? - help, Shift-Dir - straight line, f - goblin
Aim: a goblin, wielding a +0 dagger of distortion (moderately wounded, poisoned)
The magic dart hits the goblin.
The goblin is heavily wounded.
You have got your breath back.
The goblin hits you with a +0 dagger of distortion.
You die...

#.####.......#.###
#.# #..=......##.
#.# #.......#####
#.# ###'##### #
#.# #.# # #.# #.#
# #.# #.# # #.#
#.# # #@# #+# ##
#g# #. #.r...r..
## ####..r.. .r..
###


You could see a goblin and a rat.

Vanquished Creatures
  A ball python (D:1)
  A giant cockroach (D:1)
  A goblin (D:1)
  2 hobgoblins (D:1)
  4 frilled lizards (D:1)
  3 kobolds (D:1)
  3 rats (D:1)
15 creatures vanquished.

Notes
Turn   | Place    | Note
-------+----------+-------------------------------------------
     0 | D:1      | Ashen the Naga Wizard began the quest for the Orb.
     0 | D:1      | Reached XP level 1. HP: 15/15 MP: 4/4
   177 | D:1      | Reached XP level 2. HP: 6/24 MP: 0/6
   682 | D:1      | HP: 1/24 [goblin/+0 dagger of distortion (23)]
   683 | D:1      | Slain by a goblin

Action                   || total
-------------------------++-------
Melee: Staff             ||    14
 Cast: Magic Dart        ||    24
 Abil: Spit Poison       ||     5
  Use: Scroll            ||     3
Armor: Robe              ||     3
Dodge: Dodged            ||     9
